 Dungeon Crawl Stone Soup version 0.26-a0-971-g1d9d62bb61 (webtiles) character file.

Game seed: 18004839904617114616

376566 schets the Illuminatus (level 22, -31/174 HPs)
             Began as a Gnoll Wanderer on Nov 30, 2020.
             Was a High Priest of Ashenzari.
             Killed from afar by a crystal guardian (67 damage)
             ... with a crystal bolt
             ... in the Desolation of Salt on Dec 4, 2020.
             The game lasted 04:17:28 (108648 turns).

schets the Illuminatus (Gnoll Wanderer)           Turns: 108648, Time: 04:17:29

Health: -31/174    AC: 23    Str: 19    XL:     22   Next: 79%
Magic:  41/41      EV: 16    Int: 27    God:    Ashenzari [*****.]
Gold:   526        SH: 26    Dex: 14    Spells: 15/51 levels left

rFire    . . .     SeeInvis +   Q - +8 eveningstar (freeze) (curse)
rCold    . . .     Faith    .   N - +0 tower shield (curse)
rNeg     + . .     Spirit   .   B - +3 pearl dragon scales (curse)
rPois    .         Reflect  +   O - +0 mask of the Dragon {MR+ Slay+3 SInv} (curse)
rElec    .         Harm     .   i - scarf {repulsion}
rCorr    .         Rampage  .   (no gloves)
MR       ++...     Clarity  +   a - +2 pair of boots
Stlth    +++++.....             p - amulet of reflection (curse)
HPRegen  0.39/turn              V - ring "Koret" {Slay+2 Stlth+}
MPRegen  0.27/turn              d - +6 ring of intelligence

@: repel missiles
A: distributed training, fangs 1, strong nose
}: 2/15 runes: decaying, gossamer
a: Curse Item, Scrying, Renounce Religion


You were in the Desolation of Salt.
You worshipped Ashenzari.
Ashenzari was extremely pleased with you.
You visited 8 branches of the dungeon, and saw 39 of its levels.
You visited 1 bazaar.
You also visited: Ossuary and Desolation.

You collected 4343 gold pieces.
You spent 3817 gold pieces at shops.

Inventory:

Hand Weapons
 h - the +8 longbow "Zephyr" {speed, Dex+3 SInv}
   (You found it in the Desolation of Salt)

   Attacks with this weapon are significantly faster.
   It affects your dexterity (+3).
   It lets you see invisible.
 Q - a cursed +8 eveningstar of freezing (weapon)
Missiles
 g - 33 boomerangs (quivered)
 s - 11 atropa-tipped darts
 t - 28 javelins
 v - a throwing net
 R - 5 curare-tipped darts
 Z - 6 boomerangs of dispersal
Armour
 a - a +2 pair of boots (worn)
 i - a scarf of repulsion (worn)
 B - cursed +3 pearl dragon scales (worn)
 N - a cursed +0 tower shield (worn)
 O - the cursed +0 mask of the Dragon (worn) {MR+ Slay+3 SInv}
   (You bought it in a shop on level 7 of the Dungeon)

   It affects your accuracy and damage with ranged weapons and melee attacks
   (+3).
   It affects your resistance to hostile enchantments.
   It lets you see invisible.
   It has a curse placed upon it.
Jewellery
 d - a +6 ring of intelligence (right hand)
 m - the ring "Raomuwny" {Dex+6 Stlth-}
   (You found it on level 1 of the Vaults)

   [ring of attention]

   It affects your dexterity (+6).
   It makes you less stealthy.
 p - a cursed amulet of reflection (around neck)
 z - an uncursed ring of protection from cold
 L - an uncursed ring of resist corrosion
 V - the ring "Koret" (left hand) {Slay+2 Stlth+}
   (You took it off a deep elf death mage on level 3 of the Elven Halls)

   [ring of stealth]

   It affects your accuracy and damage with ranged weapons and melee attacks
   (+2).
   It makes you more stealthy.
Wands
 x - a wand of acid (19)
 A - a wand of digging (15)
 C - a wand of iceblast (25)
 D - a wand of disintegration (11)
 K - a wand of paralysis (18)
 T - a wand of polymorph (39)
 Y - a wand of enslavement (7)
Scrolls
 b - 5 scrolls of remove curse
 c - 8 scrolls of teleportation
 f - 4 scrolls of blinking
 k - a scroll of holy word
 E - 3 scrolls of fog
 H - 3 scrolls of fear
 M - 2 scrolls of magic mapping
 S - 12 scrolls of identify
Potions
 j - 5 potions of mutation
 l - 7 potions of haste
 o - 3 potions of resistance
 q - 13 potions of curing
 u - 6 potions of berserk rage
 w - 3 potions of might
 F - 7 potions of brilliance
 G - 3 potions of cancellation
 J - 5 potions of heal wounds
 P - 6 potions of ambrosia
 U - 3 potions of invisibility
 X - 6 potions of flight
Miscellaneous
 e - a box of beasts
 n - a condenser vane
 I - a box of beasts


   Skills:
 + Level 14.9 Fighting
 + Level 14.7 Short Blades
 + Level 14.7 Long Blades
 + Level 14.7 Axes
 + Level 14.9(18.4) Maces & Flails
 + Level 14.7 Polearms
 + Level 14.7 Staves
 + Level 14.7 Slings
 + Level 14.7 Bows
 + Level 14.7 Crossbows
 + Level 14.7 Throwing
 + Level 15.8 Armour
 + Level 14.7 Dodging
 + Level 15.2 Stealth
 + Level 14.7(17.0) Shields
 + Level 14.7 Unarmed Combat
 + Level 15.4 Spellcasting
 + Level 12.7 Conjurations
 + Level 12.7 Hexes
 + Level 12.7 Summonings
 + Level 12.9 Necromancy
 + Level 12.7 Translocations
 + Level 12.7 Transmutations
 + Level 12.7 Fire Magic
 + Level 12.7 Ice Magic
 + Level 12.7 Air Magic
 + Level 12.7 Earth Magic
 + Level 12.7 Poison Magic
 + Level 15.9 Invocations
 + Level 14.7 Evocations


You had 15 spell levels left.
You knew the following spells:

 Your Spells              Type           Power        Failure   Level
c - Mephitic Cloud        Conj/Pois/Air  ######..     1%          3
d - Ignite Poison         Fire/Tmut/Pois ######..     1%          3
e - Slow                  Hex            ######..     1%          2
f - Yara's Violent Unrav  Hex/Tmut       ######....   2%          5
g - Airstrike             Air            ######....   1%          4
h - Olgreb's Toxic Radia  Pois           ######..     1%          4
i - Summon Lightning Spi  Summ/Air       ######..     1%          4
j - Dispel Undead         Necr           ######..     1%          4
k - Swiftness             Air            ######..     1%          2
l - Irradiate             Conj/Tmut      ######....   2%          5

Your spell library contained the following spells:

 Spells                   Type           Power        Failure   Level
 Beastly Appendage        Tmut           ######       1%          1
 Corona                   Hex            ######.      1%          1
 Foxfire                  Conj/Fire      ####         1%          1
 Magic Dart               Conj           ####         1%          1
 Pain                     Necr           ####         1%          1
 Shock                    Conj/Air       ####         1%          1
 Sting                    Tmut/Pois      ####         1%          1
 Summon Small Mammal      Summ           ####         1%          1
 Blink                    Tloc           N/A          1%          2
 Call Imp                 Summ           ######..     1%          2
 Corpse Rot               Necr/Air       N/A          1%          2
 Ensorcelled Hibernation  Hex/Ice        ######       1%          2
 Passwall                 Tmut/Erth      ######..     1%          2
 Poisonous Vapours        Pois/Air       ######       1%          2
 Searing Ray              Conj           ######       1%          2
 Sublimation of Blood     Necr           ######....   1%          2
 Wereblood                Tmut           ######..     1%          2
 Call Canine Familiar     Summ           ######..     1%          3
 Confusing Touch          Hex            ######..     1%          3
 Conjure Flame            Conj/Fire      ######..     1%          3
 Dazzling Flash           Conj/Hex       ######       1%          3
 Gell's Gravitas          Tloc           ######....   1%          3
 Inner Flame              Hex/Fire       ######..     1%          3
 Lesser Beckoning         Tloc           ######....   1%          3
 Spider Form              Tmut/Pois      ######....   1%          3
 Static Discharge         Conj/Air       ######..     1%          3
 Summon Guardian Golem    Hex/Summ       ######..     1%          3
 Teleport Other           Tloc           ######..     1%          3
 Tukima's Dance           Hex            ######..     1%          3
 Vampiric Draining        Necr           ######....   1%          3
 Animate Dead             Necr           ######....   1%          4
 Fulminant Prism          Conj/Hex       ######....   1%          4
 Ice Form                 Ice/Tmut       ######..     1%          4
 Iskenderun's Mystic Bla  Conj/Tloc      ######..     1%          4
 Passage of Golubria      Tloc           N/A          1%          4
 Petrify                  Tmut/Erth      ######..     1%          4
 Sticky Flame             Conj/Fire      ######..     1%          4
 Summon Ice Beast         Ice/Summ       ######..     1%          4
 Blade Hands              Tmut           ######....   2%          5
 Bolt of Magma            Conj/Fire/Erth ######....   2%          5
 Fireball                 Conj/Fire      ######....   2%          5
 Iskenderun's Battlesphe  Conj           ######..     2%          5
 Lightning Bolt           Conj/Air       ######....   2%          5
 Metabolic Englaciation   Hex/Ice        ######....   2%          5
 Summon Demon             Summ           ######....   2%          5
 Summon Forest            Summ/Tloc      ######....   2%          5
 Summon Mana Viper        Hex/Summ       ######..     2%          5
 Freezing Cloud           Conj/Ice/Air   ######....   14%         6
 Hydra Form               Tmut           ######....   14%         6
 Iron Shot                Conj/Erth      ######....   14%         6
 Ozocubu's Refrigeration  Ice            ######....   14%         6
 Shadow Creatures         Summ           N/A          14%         6
 Simulacrum               Ice/Necr       ######....   14%         6
 Statue Form              Tmut/Erth      ######...    14%         6
 Haunt                    Necr/Summ      ######....   58%         7
 Dragon Form              Tmut           ######....   61%         7
 Orb of Destruction       Conj           ######....   61%         7
 Spellforged Servitor     Conj/Summ      ######....   61%         7
 Summon Hydra             Summ           ######....   61%         7
 Borgnjor's Revivificati  Necr           ######....   99%         8
 Ignition                 Fire           ######....   99%         8
 Infestation              Necr           ######....   99%         8
 Necromutation            Tmut/Necr      ######....   99%         8
 Death's Door             Necr           ######....   100%        9
 Shatter                  Erth           ######....   100%        9
 Tornado                  Air            ######....   100%        9


Dungeon Overview and Level Annotations

Branches:
Dungeon (15/15)            Temple (1/1) D:5            Lair (6/6) D:8
  Swamp (4/4) Lair:3       Spider (4/4) Lair:2        Slime (0/5) Lair:6
    Orc (2/2) D:10            Elf (3/3) Orc:2        Vaults (4/5) D:14
  Crypt (0/3) Vaults:3     Depths (0/5) D:15        Ossuary (visited)
Desolation (1/1)

Altars:
Ashenzari
Cheibriados
Dithmenos
Elyvilon
Fedhas
Gozag
Hepliaklqana
Kikubaaqudgha
Makhleb
Nemelex Xobeh
Okawaru
Qazlal
Ru
Sif Muna
Trog
Uskayaw
Vehumet
Wu Jian
Xom
Yredelemnul
Zin
The Shining One
Beogh
Jiyva

Shops:
D:7 (}[*[   D:10 ?   Orc:1 (   Orc:2 (*[=   Elf:3 !   Vaults:1 ([

Annotations:
D:6 exclusion: statue
D:7 exclusion: downstairs
D:10 1 runed translucent door, exclusion: door
D:11 exclusion: downstairs
D:13 exclusions: downstairs and obsidian statue
Lair:3 exclusion: downstairs
Lair:5 exclusion: downstairs
Orc:1 exclusion: 2 downstairs


Innate Abilities, Weirdness & Mutations

Your experience applies equally to all skills.
You have very sharp teeth.
Your uncanny sense of smell can sniff out nearby items.


Message History

Unknown command.
You sock the crystal guardian!
The crystal guardian is almost destroyed.
You block the saltling's attack.
The crystal guardian fires a crystalline bolt at you.
The crystal bolt freezes you!!!
* * * LOW HITPOINT WARNING * * *
Unknown command.
Unknown command.
Unknown command.
Unknown command.
You feel much better. You block the saltling's attack. x2
The crystal guardian fires a crystalline bolt at you.
The crystal bolt freezes you!!!
* * * LOW HITPOINT WARNING * * *
You block the saltling's attack.
You feel much better. You block the saltling's attack.
The crystal guardian fires a crystalline bolt at you.
The crystal bolt burns you!!!
You die...

, ............)....#§####...... ,
................)#.§.........
..,............÷....§§.§.........
.. ................§§§§..........
.. .............)..§..§§.........
...................§§§§§.........
.................).§.§.§....#####
..#.............88....§§....#:8.
...#............@#.§§§.§....#[::
.................8....§§....# ∆
................).#....§....#*, ,
............∩..........§.......,
..............).................,
............∩)..............#..#*
................)...........#...#
........................#8..#.8.#
............................,,


You could see a crystal guardian and 2 saltlings.

Vanquished Creatures
  the Lernaean hydra (Swamp:4)
  Arachne (Spider:3)
  A tentacled monstrosity (Vaults:3)
  Jorgrun (D:15)
  A lich (Vaults:3)
  2 deep elf blademasters (Elf:3)
  4 sphinxes
  Frances (D:13)
  A thorn hunter (Swamp:2)
  Roxanne (Spider:1)
  Donald (Swamp:1)
  A storm dragon (Vaults:1)
  2 fire giants
  7 deep elf sorcerers
  An imperial myrmidon (Desolation)
  A frost giant (Vaults:3)
  11 emperor scorpions
  5 ghost moths
  11 vault wardens
  6 deep elf elementalists (Elf:3)
  Louise (Swamp:2)
  2 orc warlords (Orc:2)
  A war gargoyle (Vaults:3)
  7 stone giants
  10 ironheart preservers
  6 entropy weavers
  3 deep elf demonologists
  Nessos (D:15)
  6 deep elf annihilators
  A bunyip (Swamp:3)
  A spark wasp (Spider:4)
  Snorg (Orc:1)
  3 ettins
  5 deep elf death magi
  6 eleionomae
  A merfolk javelineer (Orc:2)
  A crystal guardian (Desolation)
  5 deep elf high priests (Elf:3)
  A fire dragon (Vaults:2)
  3 ogre magi
  An ice dragon (Vaults:2)
  12 yaktaur captains
  Josephine (D:12)
  Erolcha (Orc:2)
  3 ragged hierophants (Desolation)
  A shambling mangrove (Swamp:4)
  4 servants of whispers (Desolation)
  3 vault guards
  2 rakshasas
  The ghost of Sabo the Basher, a journeyman DsBe of Trog (Orc:2)
  3 ghost crabs
  3 peacekeepers
  24 hydras
  15 two-headed ogres
  10 boulder beetles
  8 centaur warriors
  23 dancing weapons
  30 death yaks
  2 death knights
  3 catoblepae (Lair:6)
  6 alligators
  2 tengu warriors
  Urug (D:10)
  An orc high priest (Orc:2)
  23 deep elf knights
  A vampire mage (Vaults:3)
  A shadow wraith (Vaults:2)
  A goliath frog (Swamp:3)
  4 unseen horrors
  11 skeletal warriors
  5 deep trolls (Vaults:1)
  3 wizards
  A flayed ghost (Vaults:2)
  2 spriggan druids
  Pikel (D:8)
  12 swamp dragons
  13 bog bodies
  A phantasmal warrior (Vaults:2)
  A necromancer (Vaults:3)
  15 deep elf archers
  15 orc knights
  24 orb spiders
  23 wolf spiders
  2 orange crystal statues
  A harpy (Vaults:3)
  11 ironbrand convokers
  A tengu skeleton (Vaults:3)
  11 ugly things
  An oklob plant (Lair:5)
  3 orc sorcerers
  An orb spider (shapeshifter) (Vaults:1)
  2 manticores (Lair:6)
  63 deep elf magi
  A shining eye (shapeshifter) (Elf:2)
  4 will-o-the-wisps
  2 moths of wrath
  2 guardian serpents (Desolation)
  9 cyclopes
  8 elephants
  4 vault sentinels
  6 black mambas
  An ice statue (D:10)
  A fire giant skeleton (Vaults:3)
  A gargoyle (D:12)
  5 torpor snails
  16 cane toads
  7 freezing wraiths
  10 demonic crawlers
  5 rime drakes
  11 komodo dragons
  29 yaktaurs
  2 tengu conjurers
  A yaktaur (shapeshifter) (Vaults:2)
  9 trolls
  3 tyrant leeches
  A yaktaur skeleton (Vaults:3)
  A wind drake (shapeshifter) (D:13)
  25 hornets
  A queen bee (shapeshifter) (Vaults:2)
  45 jumping spiders
  Prince Ribbit (D:8)
  Grinder (D:5)
  A polar bear (Lair:6)
  31 blink frogs
  13 saltlings (Desolation)
  21 slime creatures
  A centaur simulacrum (D:14)
  A shadow (D:14)
  4 vampires
  3 water elementals
  2 air elementals
  6 spriggans
  A yak (shapeshifter) (D:13)
  81 redbacks
  54 yaks
  9 wraiths
  5 wyverns
  36 tarantellas
  2 fire elementals
  6 basilisks
  15 vampire mosquitoes
  6 wargs
  A harpy simulacrum (D:14)
  2 soldier ants
  15 swamp worms
  3 acid dragons
  23 water moccasins
  6 sky beasts
  7 swamp drakes
  A hornet zombie (D:14)
  30 orc warriors
  An ice beast (D:8)
  4 black bears
  3 phantoms
  2 necrophages
  3 boggarts (Vaults:1)
  25 wolves
  12 ogres
  19 centaurs
  A lemure (D:8)
  5 big kobolds
  3 elf zombies (Ossuary)
  18 bullfrogs
  3 earth elementals
  A wyvern zombie (D:7)
  A water moccasin skeleton (D:9)
  A scorpion (shapeshifter) (Elf:1)
  A wyvern skeleton (D:14)
  11 scorpions
  11 killer bees (D:10)
  5 wights (D:8)
  2 howler monkeys (D:13)
  7 electric eels
  9 centaur zombies
  A wyvern simulacrum (D:14)
  7 hounds
  5 human zombies (Ossuary)
  2 quasits
  3 human simulacra
  12 orc priests
  11 jellies
  31 orc wizards
  3 bullfrog skeletons
  5 centaur skeletons
  A gnoll shaman (D:9)
  Ijyb (D:5)
  4 iguanas
  13 worker ants
  A hound skeleton (D:6)
  A hound zombie (D:9)
  4 mummies
  5 gnolls (D:9)
  8 adders
  4 shadow imps
  2 white imps
  3 ufetubi
  2 oozes
  An adder skeleton (D:3)
  A worm (D:3)
  A worm (shapeshifter) (Vaults:2)
  3 dart slugs
  3 leopard geckos
  86 orcs
  9 bats
  5 giant cockroaches
  3 hobgoblins
  8 jackals
  24 kobolds
  3 quokkas
  A ball python (D:1)
  2 frilled lizards (D:2)
  11 goblins
  A goblin skeleton (D:6)
  A goblin zombie (D:6)
  2 hobgoblin zombies (D:6)
  A kobold skeleton (D:6)
  A kobold zombie (D:6)
  A leopard gecko zombie (D:5)
  3 orc skeletons (D:6)
  2 orc zombies (D:6)
  5 rats
  A bush (Lair:5)
1592 creatures vanquished.

Vanquished Creatures (collateral kills)
  Asterion (Vaults:3)
  An imperial myrmidon (Desolation)
  A vault warden (Vaults:1)
  A stone giant (Vaults:3)
  A deep elf annihilator (Elf:3)
  A hydra (Swamp:3)
  3 death yaks
  A spriggan druid (Swamp:3)
  A swamp dragon (Swamp:1)
  A deep elf mage (Elf:2)
  An ironbrand convoker (Vaults:3)
  An orb spider (Spider:1)
  A wolf spider (Spider:1)
  A vault sentinel (Vaults:3)
  2 yaktaurs (Vaults:1)
  A jumping spider (Spider:1)
  A saltling (Desolation)
  A hornet (Swamp:2)
  3 slime creatures
  A blink frog (Lair:5)
  3 yaks (Lair:6)
  A tarantella (Spider:2)
  A redback (Spider:1)
  A swamp worm (Swamp:3)
  An orc (D:10)
32 creatures vanquished.

Vanquished Creatures (others)
  A deep elf knight (Elf:2)
  An orc knight (Vaults:2)
  A deep elf mage (Vaults:1)
  A bloated husk (Swamp:3)
  A vampire (Vaults:3)
  A swamp worm (Swamp:4)
  A shadow imp (D:13)
  A white imp (D:13)
  3 ufetubi (D:13)
  An orc (D:10)
  2 foxfires (Swamp:2)
  59 fungi
  91 plants
164 creatures vanquished.

Grand Total: 1788 creatures vanquished

Notes
Turn   | Place    | Note
-------+----------+-------------------------------------------
     0 | D:1      | schets the Gnoll Wanderer began the quest for the Orb.
     0 | D:1      | schets set off with the following items: a +0 club, a +0
                  | robe, a +0 dagger; and the following spells available to
                  | memorise: Pain, Magic Dart, Sting, Vampiric Draining,
                  | Blink, Call Imp, Slow, Conjure Flame, Ignite Poison,
                  | Mephitic Cloud
     0 | D:1      | Reached XP level 1. HP: 17/17 MP: 6/6
     3 | D:1      | Learned a level 1 spell: Pain
   303 | D:1      | Reached XP level 2. HP: 22/23 MP: 5/7
   885 | D:1      | Learned a level 1 spell: Magic Dart
  1609 | D:1      | Reached XP level 3. HP: 24/28 MP: 3/9
  1676 | D:1      | Reached skill level 5 in Spellcasting
  1812 | D:2      | Reached skill level 1 in Invocations
  2001 | D:2      | Reached skill level 1 in Short Blades
  2001 | D:2      | Reached skill level 1 in Long Blades
  2001 | D:2      | Reached skill level 1 in Axes
  2001 | D:2      | Reached skill level 1 in Polearms
  2001 | D:2      | Reached skill level 1 in Staves
  2001 | D:2      | Reached skill level 1 in Slings
  2001 | D:2      | Reached skill level 1 in Bows
  2001 | D:2      | Reached skill level 1 in Crossbows
  2001 | D:2      | Reached skill level 1 in Throwing
  2001 | D:2      | Reached skill level 1 in Dodging
  2001 | D:2      | Reached skill level 1 in Shields
  2001 | D:2      | Reached skill level 1 in Unarmed Combat
  2001 | D:2      | Reached skill level 1 in Evocations
  2297 | D:2      | Reached XP level 4. HP: 34/34 MP: 8/11
  3160 | D:3      | Found a shimmering altar of Xom.
  3209 | D:3      | Found an opulent altar of Gozag.
  3223 | D:3      | Found a white marble altar of Elyvilon.
  3300 | D:3      | Reached skill level 1 in Conjurations
  3300 | D:3      | Reached skill level 1 in Hexes
  3300 | D:3      | Reached skill level 1 in Summonings
  3300 | D:3      | Reached skill level 1 in Translocations
  3300 | D:3      | Reached skill level 1 in Transmutations
  3300 | D:3      | Reached skill level 1 in Fire Magic
  3300 | D:3      | Reached skill level 1 in Ice Magic
  3300 | D:3      | Reached skill level 1 in Air Magic
  3300 | D:3      | Reached skill level 1 in Earth Magic
  3300 | D:3      | Reached skill level 1 in Poison Magic
  3591 | D:3      | Found an iron altar of Okawaru.
  3697 | D:3      | Reached XP level 5. HP: 36/40 MP: 3/12
  5261 | D:4      | Reached XP level 6. HP: 28/47 MP: 13/13
  6814 | D:5      | Entered Level 5 of the Dungeon
  6853 | D:5      | Found a sand-covered staircase.
  7257 | Ossuary  | Entered an ossuary
  7295 | Ossuary  | Reached XP level 7. HP: 25/52 MP: 15/15
  8541 | Ossuary  | Reached skill level 5 in Stealth
  9296 | Ossuary  | Reached XP level 8. HP: 60/60 MP: 9/16
  9802 | D:5      | Found a staircase to the Ecumenical Temple.
  9838 | Temple   | Entered the Ecumenical Temple
  9978 | Temple   | Became a worshipper of Ashenzari the Shackled
 10168 | D:5      | Noticed Grinder
 10182 | D:5      | Paralysed by Grinder for 3 turns
 10192 | D:5      | Paralysed by Grinder for 6 turns
 11625 | D:6      | Learned a level 3 spell: Mephitic Cloud
 11629 | D:6      | Learned a level 3 spell: Ignite Poison
 12193 | D:6      | Reached XP level 9. HP: 45/66 MP: 9/18
 12669 | D:6      | Found a radiant altar of Vehumet.
 12695 | D:6      | Found a glowing golden altar of the Shining One.
 12778 | D:7      | Found Orinekih's Weapon Boutique.
 12804 | D:7      | Found Nentodoi's Gadget Boutique.
 12820 | D:7      | Found an ornate altar of the Wu Jian Council.
 12918 | D:7      | Found a bloodstained altar of Trog.
 12924 | D:7      | Reached skill level 5 in Fighting
 12924 | D:7      | Reached skill level 5 in Maces & Flails
 13672 | D:7      | Found Riyfaim's Assorted Antiques.
 13731 | D:7      | Found a glowing silver altar of Zin.
 13956 | D:7      | Found Paul's Antique Armour Shoppe.
 14147 | D:7      | Found Bisooruo's Armour Boutique.
 14373 | D:8      | Found a blossoming altar of Fedhas.
 14535 | D:8      | Reached skill level 5 in Invocations
 14751 | D:8      | Noticed Prince Ribbit
 14766 | D:8      | Killed Prince Ribbit
 15092 | D:8      | Found a stormy altar of Qazlal.
 15092 | D:8      | Found an ancient bone altar of Kikubaaqudgha.
 15169 | D:8      | Reached XP level 10. HP: 74/74 MP: 20/20
 15306 | D:8      | Noticed Pikel
 15349 | D:8      | Killed Pikel
 15350 | D:8      | Reached skill level 5 in Short Blades
 15350 | D:8      | Reached skill level 5 in Long Blades
 15350 | D:8      | Reached skill level 5 in Axes
 15350 | D:8      | Reached skill level 5 in Polearms
 15350 | D:8      | Reached skill level 5 in Staves
 15350 | D:8      | Reached skill level 5 in Slings
 15350 | D:8      | Reached skill level 5 in Bows
 15350 | D:8      | Reached skill level 5 in Crossbows
 15350 | D:8      | Reached skill level 5 in Throwing
 15350 | D:8      | Reached skill level 5 in Dodging
 15350 | D:8      | Reached skill level 5 in Shields
 15350 | D:8      | Reached skill level 5 in Unarmed Combat
 15350 | D:8      | Reached skill level 5 in Evocations
 15440 | D:8      | Noticed a death yak
 15441 | D:8      | Noticed a death yak
 15441 | D:8      | Noticed a death yak
 15443 | D:8      | Noticed a death yak
 15443 | D:8      | Noticed a death yak
 15445 | D:8      | Noticed a death yak
 15447 | D:8      | Noticed a death yak
 15447 | D:8      | Noticed a death yak
 15458 | D:8      | Killed a death yak
 16115 | D:8      | Found a staircase to the Lair.
 16116 | D:8      | Reached * piety under Ashenzari
 16775 | D:8      | Killed a death yak
 16776 | D:8      | Reached skill level 5 in Necromancy
 16778 | D:8      | Killed a death yak
 16787 | D:8      | Killed a death yak
 16794 | D:8      | Killed a death yak
 16795 | D:8      | Reached XP level 11. HP: 10/83 MP: 4/22
 17156 | D:8      | Found a staircase to the Lair.
 17222 | D:8      | Found a blossoming altar of Fedhas.
 17665 | D:8      | Killed a death yak
 18172 | D:8      | Found a stormy altar of Qazlal.
 18172 | D:8      | Found an ancient bone altar of Kikubaaqudgha.
 18342 | D:8      | Found a blossoming altar of Fedhas.
 18394 | D:8      | Killed a death yak
 18395 | D:8      | Reached skill level 5 in Conjurations
 18395 | D:8      | Reached skill level 5 in Hexes
 18395 | D:8      | Reached skill level 5 in Summonings
 18395 | D:8      | Reached skill level 5 in Translocations
 18395 | D:8      | Reached skill level 5 in Transmutations
 18395 | D:8      | Reached skill level 5 in Fire Magic
 18395 | D:8      | Reached skill level 5 in Ice Magic
 18395 | D:8      | Reached skill level 5 in Air Magic
 18395 | D:8      | Reached skill level 5 in Earth Magic
 18395 | D:8      | Reached skill level 5 in Poison Magic
 18404 | D:8      | Killed a death yak
 18953 | D:8      | Found a staircase to the Lair.
 19089 | D:8      | Found a stormy altar of Qazlal.
 19089 | D:8      | Found an ancient bone altar of Kikubaaqudgha.
 19624 | D:5      | Learned a level 2 spell: Slow
 19834 | D:5      | Noticed Ijyb
 19841 | D:5      | Killed Grinder
 19844 | D:5      | Paralysed by Ijyb for 5 turns
 19852 | D:5      | Killed Ijyb
 20803 | D:9      | Found a burning altar of Makhleb.
 22300 | D:9      | Reached ** piety under Ashenzari
 22859 | D:10     | Entered Level 10 of the Dungeon
 22891 | D:10     | Found Dolim's Magic Scroll Shop.
 22902 | D:10     | Bought a scroll of magic mapping for 49 gold pieces
 22902 | D:10     | Bought a scroll of identify for 28 gold pieces
 22902 | D:10     | Bought 3 scrolls of identify for 84 gold pieces
 23055 | D:10     | Noticed an orange crystal statue
 23369 | D:10     | Noticed an unseen horror
 23396 | D:10     | Killed an unseen horror
 23544 | D:10     | Found a glowing golden altar of the Shining One.
 23544 | D:10     | Found a runed translucent door.
 23544 | D:10     | Noticed an angel
 23812 | D:10     | Found a staircase to the Orcish Mines.
 24528 | D:11     | Noticed an unseen horror
 24529 | D:11     | Killed an unseen horror
 24530 | D:11     | Reached XP level 12. HP: 91/91 MP: 24/24
 24776 | D:11     | Noticed a boulder beetle
 24792 | D:11     | Killed a boulder beetle
 25626 | D:12     | Noticed a two-headed ogre
 26169 | D:12     | Noticed Josephine
 26960 | D:12     | Killed a two-headed ogre
 27393 | D:12     | Noticed a two-headed ogre
 27588 | D:12     | Killed a two-headed ogre
 27781 | D:11     | Reached skill level 10 in Armour
 27951 | D:12     | Killed Josephine
 29114 | Orc:1    | Entered Level 1 of the Orcish Mines
 29114 | Orc:1    | Noticed Urug
 29891 | D:10     | Killed Urug
 29892 | D:10     | Reached XP level 13. HP: 94/99 MP: 21/26
 29927 | Orc:1    | Noticed Snorg
 30577 | Orc:1    | Killed Snorg
 30843 | Orc:1    | Found a roughly hewn altar of Beogh.
 30845 | Orc:1    | Found Vaov's Weapon Shop.
 31225 | Orc:2    | Entered Level 2 of the Orcish Mines
 31337 | Orc:2    | Found a runed translucent gate.
 31337 | Orc:2    | Found an iron altar of Okawaru.
 31337 | Orc:2    | Found a runed translucent gate.
 31337 | Orc:2    | Found a runed translucent gate.
 31337 | Orc:2    | Noticed Sabo's ghost (journeyman DsBe)
 31337 | Orc:2    | Noticed a merfolk javelineer
 31337 | Orc:2    | Noticed an orc warlord
 31743 | Orc:2    | Found a roughly hewn altar of Beogh.
 31988 | Orc:2    | Reached *** piety under Ashenzari
 32220 | Orc:2    | Found Kiakunus's Antique Weapon Shop.
 32238 | Orc:2    | Noticed an orc warlord
 32345 | Orc:2    | Noticed Erolcha
 32669 | Orc:2    | Found a roughly hewn altar of Beogh.
 32670 | Orc:2    | Found a staircase to the Elven Halls.
 33133 | D:7      | Bought the +0 mask of the Dragon {MR+ Slay+3 SInv} for 1035
                  | gold pieces
 33133 | D:7      | Found the +0 mask of the Dragon {MR+ Slay+3 SInv}
 33911 | Orc:2    | Killed an orc warlord
 33917 | Orc:2    | Found a roughly hewn altar of Beogh.
 34175 | Orc:2    | Found Xapt's General Store.
 34180 | Orc:2    | Found Deshump's Jewellery Shop.
 34214 | Orc:2    | Killed Erolcha
 34429 | Orc:2    | Bought a potion of heal wounds for 70 gold pieces
 34476 | Orc:2    | Found Latwomu's Antique Armour Shop.
 35514 | Orc:2    | Killed an orc warlord
 35948 | Orc:2    | Killed Sabo's ghost
 36516 | Orc:2    | Reached skill level 10 in Spellcasting
 37710 | D:13     | Identified the cursed +0 hand axe of Yhoitzips {vorpal,
                  | rElec rN+ Str-4 Stlth+}
 38216 | D:13     | Noticed Frances
 38223 | D:13     | Reached XP level 14. HP: 82/108 MP: 18/28
 38347 | D:13     | Killed Frances
 38695 | D:13     | Identified a scroll of acquirement
 38696 | D:13     | Acquired a cursed +3 double sword of holy wrath
 40087 | D:14     | Found a gate to the Vaults.
 40087 | D:14     | Noticed an ironheart preserver
 40115 | D:13     | Killed an ironheart preserver
 40116 | D:13     | Reached skill level 10 in Stealth
 42126 | D:14     | Reached skill level 10 in Invocations
 42720 | D:14     | Identified the cursed +1 great sword of Guruusog {flame,
                  | rN+ MP+9 Int+4}
 44623 | D:14     | Upgraded the game from 0.26-a0-958-gf3041fb45f to
                  | 0.26-a0-966-gd078a86f14
 44656 | D:15     | Entered Level 15 of the Dungeon
 45799 | D:15     | Noticed Nessos
 45803 | D:15     | Noticed Jorgrun
 46118 | D:15     | Killed Jorgrun
 46119 | D:15     | Reached skill level 10 in Fighting
 46119 | D:15     | Reached skill level 10 in Maces & Flails
 46420 | D:15     | Reached XP level 15. HP: 80/115 MP: 29/29
 46542 | D:15     | Killed Nessos
 46766 | D:15     | Noticed a fire giant
 46785 | D:15     | Killed a fire giant
 46923 | D:15     | Learned a level 5 spell: Yara's Violent Unravelling
 46928 | D:15     | Found a staircase to the Depths.
 48266 | Lair:1   | Entered Level 1 of the Lair of Beasts
 49571 | Lair:1   | Reached skill level 10 in Short Blades
 49571 | Lair:1   | Reached skill level 10 in Long Blades
 49571 | Lair:1   | Reached skill level 10 in Axes
 49571 | Lair:1   | Reached skill level 10 in Polearms
 49571 | Lair:1   | Reached skill level 10 in Staves
 49571 | Lair:1   | Reached skill level 10 in Slings
 49571 | Lair:1   | Reached skill level 10 in Bows
 49571 | Lair:1   | Reached skill level 10 in Crossbows
 49571 | Lair:1   | Reached skill level 10 in Throwing
 49571 | Lair:1   | Reached skill level 10 in Dodging
 49571 | Lair:1   | Reached skill level 10 in Shields
 49571 | Lair:1   | Reached skill level 10 in Unarmed Combat
 49571 | Lair:1   | Reached skill level 10 in Evocations
 49741 | Lair:2   | Reached **** piety under Ashenzari
 50068 | Lair:2   | Found a hole to the Spider Nest.
 53148 | Lair:3   | Reached ***** piety under Ashenzari
 53178 | Lair:3   | Found a staircase to the Swamp.
 53547 | Lair:4   | Acquired Wauv's Advanced Steps in Hermeneutics
 53555 | Lair:4   | Learned a level 4 spell: Airstrike
 53560 | Lair:4   | Learned a level 4 spell: Olgreb's Toxic Radiance
 53565 | Lair:4   | Learned a level 4 spell: Summon Lightning Spire
 54919 | Lair:4   | Reached XP level 16. HP: 115/124 MP: 20/31
 55407 | Lair:5   | Found a snail-covered altar of Cheibriados.
 56507 | Lair:5   | Learned a level 4 spell: Dispel Undead
 57813 | Lair:6   | Entered Level 6 of the Lair of Beasts
 60032 | Lair:6   | Identified the cursed +0 scale mail of Mogeac {Int+4}
 60061 | Lair:6   | Found a viscous altar of Jiyva.
 60061 | Lair:6   | Found a runed translucent door.
 60061 | Lair:6   | Found a staircase to the Slime Pits.
 60098 | Lair:6   | Identified the +0 plate armour of the Louse {Dex+3}
 62520 | Spider:1 | Entered Level 1 of the Spider Nest
 62638 | Spider:1 | Reached XP level 17. HP: 102/131 MP: 5/33
 63685 | Spider:1 | Identified Roxanne's Incunabulum of Moulding
 63685 | Spider:1 | Noticed Roxanne
 64109 | Spider:1 | Reached skill level 10 in Necromancy
 64449 | Spider:1 | Paralysed by a hornet for 1 turns
 64819 | Spider:1 | Killed Roxanne
 65473 | Elf:1    | Entered Level 1 of the Elven Halls
 67096 | Elf:1    | Identified Mieckic's Guide on Blows and Bruises
 67396 | Elf:1    | Found an ancient bone altar of Kikubaaqudgha.
 67548 | Elf:1    | Reached skill level 10 in Conjurations
 67548 | Elf:1    | Reached skill level 10 in Hexes
 67548 | Elf:1    | Reached skill level 10 in Summonings
 67548 | Elf:1    | Reached skill level 10 in Translocations
 67548 | Elf:1    | Reached skill level 10 in Transmutations
 67548 | Elf:1    | Reached skill level 10 in Fire Magic
 67548 | Elf:1    | Reached skill level 10 in Ice Magic
 67548 | Elf:1    | Reached skill level 10 in Air Magic
 67548 | Elf:1    | Reached skill level 10 in Earth Magic
 67548 | Elf:1    | Reached skill level 10 in Poison Magic
 68831 | Elf:2    | Found a runed translucent gate.
 68831 | Elf:2    | Found a runed translucent gate.
 68831 | Elf:2    | Found a runed translucent gate.
 69518 | Elf:2    | Reached XP level 18. HP: 111/140 MP: 25/34
 70918 | Elf:2    | Upgraded the game from 0.26-a0-966-gd078a86f14 to
                  | 0.26-a0-971-g1d9d62bb61
 71651 | Elf:3    | Entered Level 3 of the Elven Halls
 71672 | Elf:3    | Found Guon's Distillery.
 71735 | Elf:3    | Bought a potion of lignification for 36 gold pieces
 71735 | Elf:3    | Bought a potion of heal wounds for 60 gold pieces
 71735 | Elf:3    | Bought a potion of curing for 36 gold pieces
 72351 | Elf:3    | Found a runed translucent door.
 72614 | Elf:3    | Learned a level 2 spell: Swiftness
 72620 | Elf:3    | Learned a level 5 spell: Irradiate
 73354 | Elf:3    | Identified the ring "Ifunk" {*Tele *Drain Str+3 Dex+3}
 73354 | Elf:3    | Identified the +4 falchion "Demonbane" {venom, rElec rC+++
                  | Str-3 SInv}
 73354 | Elf:3    | Identified the +9 whip of the Ecumenical Temple {freeze,
                  | Str+4}
 73354 | Elf:3    | Noticed a deep elf blademaster
 74411 | Elf:3    | Noticed a deep elf blademaster
 74425 | Elf:3    | Identified the +2 chain mail "Ecwaineh" {Dex+3}
 74743 | Elf:3    | Killed a deep elf blademaster
 75161 | Elf:3    | Identified the +0 leather armour of Uceuluh {Rampage Str+8
                  | Int-3 Dex-2}
 75161 | Elf:3    | Identified the ring "Koret" {Slay+2 Stlth+}
 75331 | Elf:3    | Killed a deep elf blademaster
 76187 | Elf:3    | Reached XP level 19. HP: 148/148 MP: 31/36
 76454 | Elf:3    | Identified the Papyrus of the Floating Blaze
 76499 | Elf:3    | Identified Spellweaving in Simple Steps
 77521 | Elf:3    | Found Guon's Distillery.
 78124 | Orc:2    | Found a roughly hewn altar of Beogh.
 78127 | Orc:2    | Found Kiakunus's Antique Weapon Shop.
 78320 | Orc:2    | Found Deshump's Jewellery Shop.
 78332 | Orc:2    | Found Xapt's General Store.
 78346 | Orc:2    | Found Latwomu's Antique Armour Shop.
 78445 | Orc:2    | Found a roughly hewn altar of Beogh.
 78616 | Orc:2    | Found an iron altar of Okawaru.
 78701 | Orc:2    | Found a roughly hewn altar of Beogh.
 78702 | Orc:2    | Found a staircase to the Elven Halls.
 78921 | Swamp:1  | Entered Level 1 of the Swamp
 78954 | Swamp:1  | Noticed Donald
 80317 | Swamp:1  | Killed Donald
 80783 | Swamp:2  | Identified the Guide on the Freezing Rocks
 81872 | Swamp:2  | Noticed Louise
 81891 | Swamp:2  | Killed Louise
 83991 | Swamp:4  | Entered Level 4 of the Swamp
 88983 | Swamp:4  | Noticed the 27-headed Lernaean hydra
 89626 | Swamp:4  | Killed the 27-headed Lernaean hydra
 89903 | Swamp:4  | Got a decaying rune of Zot
 90201 | Spider:2 | Reached XP level 20. HP: 156/156 MP: 26/37
 91811 | Spider:2 | Identified the +1 pair of boots of Geuphorgh {Rampage MR-
                  | rCorr Slay+5}
 94368 | Spider:3 | Identified the +8 lajatang of Veolytod {vorpal, *Noise +Inv
                  | Str+5 Stlth+}
 94388 | Spider:3 | Noticed Arachne
 94407 | Spider:3 | Killed Arachne
 96841 | Spider:4 | Entered Level 4 of the Spider Nest
 97795 | Spider:4 | Got a gossamer rune of Zot
 97808 | Spider:4 | Identified the cursed +1 ring mail of Hoarau {rElec rF+++
                  | Regen+ Dex-3}
 99252 | Vaults:1 | Entered Level 1 of the Vaults
 99252 | Vaults:1 | Found Wyfoqeg's Armour Shoppe.
 99292 | Vaults:1 | Identified the ring "Raomuwny" {Dex+6 Stlth-}
 99298 | Vaults:1 | Found a flickering gateway to a bazaar.
 99305 | Bazaar   | Entered a bazaar
 99319 | Bazaar   | Found Saoppyfo's Distillery.
 99319 | Bazaar   | Found Ufyuded's Distillery.
 99324 | Bazaar   | Bought a potion of attraction for 54 gold pieces
 99342 | Bazaar   | Found Qiophoiv's Weapon Emporium.
 99363 | Bazaar   | Found Vomujeic's Assorted Antiques.
 99363 | Bazaar   | Found Bijapagg's Armour Shoppe.
 99368 | Bazaar   | Bought a scroll of remove curse for 87 gold pieces
 99385 | Bazaar   | Found Megiedgh's General Store.
 99385 | Bazaar   | Found Nuacasuc's Antique Armour Shoppe.
 99424 | Bazaar   | Bought a pair of embroidered boots for 150 gold pieces
 99424 | Bazaar   | Bought an embroidered scarf for 160 gold pieces
 99466 | Bazaar   | Bought a wand of acid (7) for 232 gold pieces
 99494 | Bazaar   | Bought a potion of resistance for 100 gold pieces
 99494 | Bazaar   | Bought a potion of cancellation for 80 gold pieces
 99494 | Bazaar   | Bought a potion of heal wounds for 50 gold pieces
 99494 | Bazaar   | Bought 2 potions of haste for 200 gold pieces
 99494 | Bazaar   | Bought a potion of heal wounds for 50 gold pieces
 99500 | Bazaar   | Bought a potion of curing for 54 gold pieces
 99500 | Bazaar   | Bought a potion of curing for 54 gold pieces
 99500 | Bazaar   | Bought a potion of haste for 180 gold pieces
 99500 | Bazaar   | Bought a potion of heal wounds for 90 gold pieces
 99500 | Bazaar   | Bought a potion of haste for 180 gold pieces
 99500 | Bazaar   | Bought a potion of curing for 54 gold pieces
 99500 | Bazaar   | Bought 2 potions of curing for 108 gold pieces
 99500 | Bazaar   | Bought a potion of ambrosia for 144 gold pieces
 99506 | Bazaar   | Bought 2 potions of ambrosia for 160 gold pieces
 99506 | Bazaar   | Bought a potion of brilliance for 40 gold pieces
 99552 | Bazaar   | Bought 2 potions of mutation for 192 gold pieces
 99825 | Vaults:1 | Found a basalt altar of Yredelemnul.
 99852 | Vaults:1 | Reached XP level 21. HP: 160/164 MP: 25/39
100081 | Vaults:1 | Reached skill level 15 in Armour
100560 | Vaults:1 | Reached skill level 15 in Invocations
100824 | Vaults:1 | Found Alewimam's Antique Weapon Shop.
103826 | Vaults:2 | Reached skill level 15 in Spellcasting
103826 | Vaults:2 | Reached XP level 22. HP: 165/173 MP: 24/41
105710 | Vaults:3 | Reached skill level 15 in Stealth
105909 | Vaults:3 | Noticed Asterion
105917 | Vaults:3 | Killed Asterion
106442 | Vaults:3 | Found a staircase to the Crypt.
107712 | Vaults:4 | Found a ruined gateway.
107750 | Desolati | Entered the Desolation of Salt
108168 | Desolati | Identified the cursed +0 plate armour of Privacy {+Fly rN++
                  | Int-4 SInv}
108168 | Desolati | Found the +8 longbow "Zephyr" {speed, Dex+3 SInv}
108171 | Desolati | Found the +9 staff of Olgreb {rPois∞}
108502 | Desolati | Identified the Guide on Intoxication and Moulding
108648 | Desolati | Killed from afar by a crystal guardian

Illustrated notes

Levels and vault maps discovered:
D:1:      zaba_arrival_water, layout_loops_cross, minmay_pentomino_v4
D:2:      layout_basic
D:3:      layout_loops_corners, lemuel_coloured_pillars_altar, xom_teletrap_fun,
          grunt_gozag_statues, elyvilon_altar_4, chequers_serial_rivers_room_b
D:4:      layout_gridville
D:5:      layout_rooms, minmay_temple_entry_trees, serial_co_window_serial,
          co_window_paths_b, co_window_paths_a, co_window_paths_a,
          co_window_corner_a, co_window_corner_a, co_window_broadway_c,
          co_window_corner_cb, co_window_paths_c, co_window_unsneaky_path_c,
          co_window_of_opportunity_b, co_window_corner_b,
          co_window_of_opportunity_b, glass_columns_a,
          gup_ossuary_entry_pyramid, chequers_garden, minmay_statues_item,
          uniq_grinder, uniq_ijyb
D:6:      layout_gridville, vehumet_statue, nicolae_tso_besieged_by_evil
D:7:      layout_basic, kennysheep_little_box, trog_ov_bears_minmay,
          old_standard_altar, serial_shops, shop, nicolae_shop_behind_doors,
          shop, nicolae_shop_trees, nicolae_shop_behind_doors,
          kennysheep_generic_room_9
D:8:      layout_loops_ring, fedhas_altar_2, gammafunk_temple_overflow_elements,
          dpeg_lair_monsters, serial_glass, glass_columns_b, glass_columns_b,
          glass_columns_a, glass_columns_c, glass_columns_b, glass_columns_a,
          blue_anna_alchemist [blue_anna_fruit_fields, blue_anna_fruit_fields],
          uniq_prince_ribbit1, uniq_pikel
D:9:      kennysheep_big_flooded_room, layout_stronghold,
          overflow_temple_1_default
D:10:     minmay_separated_statues, layout_irregular_city, david_orc_2,
          serial_shops, shop, lemuel_angel_altar
D:11:     layout_basic, minivault_16
D:12:     layout_loops_cross, uniq_josephine
D:13:     layout_roguey, hangedman_devilish_allure, uniq_frances
D:14:     layout_roguey, skrybe_vaults_entry_preservation,
          serial_co_window_serial, co_window_paths_a, co_window_paths_a,
          co_window_of_opportunity_a, co_window_corner_a, co_window_paths_a,
          co_window_corner_cb, co_window_of_opportunity_b, co_window_corner_cb,
          co_window_of_opportunity_b, co_window_paths_d, co_window_4corner_b,
          glass_columns_b, glass_columns_c, glass_columns_b, glass_columns_b,
          ebering_dispersal_statue_hall
D:15:     grunt_enter_depths_giant_problem, layout_basic, nicolae_two_hexagons,
          uniq_nessos, uniq_jorgrun
Temple:   pf_slime_end_temple
Lair:1:   layout_cave_pods, serial_bayou_shore_b
Lair:2:   layout_gridlike, nicolae_spider_entry_tight_spaces, minivault_11,
          minivault_24, serial_bayou_lake_a, serial_bayou_shore_a,
          serial_bayou_shore_b
Lair:3:   layout_loops_ring, palyth_hydra_swamp_entry, serial_bayou_crossing
Lair:4:   layout_cave_pods, serial_rivers, chequers_serial_rivers_marsh,
          chequers_serial_rivers_large_a, chequers_serial_rivers_marsh,
          chequers_serial_rivers_micro_a, nicolae_quartered_pool_little,
          serial_bayou_pond_d, beast_lair_carwin_9
Lair:5:   layout_long_grid, basic_altar, serial_rivers,
          chequers_serial_rivers_micro_d, chequers_serial_rivers_micro_d,
          chequers_serial_rivers_micro_b, chequers_serial_rivers_large_b,
          chequers_serial_rivers_room_a, chequers_serial_rivers_micro_c,
          minmay_lair_oklob_items
Lair:6:   evilmike_catoblepas_cave, layout_regular_city, slime_altar_2,
          grunt_forest_large_clearings
Swamp:1:  layout_basic_swamp, evilmike_swamp_ruin_house_1,
          infiniplex_staircase_pool, uniq_donald
Swamp:2:  layout_falls_marsh, evilmike_swamp_ruin_rubble_2, uniq_louise
Swamp:3:  layout_falls_marsh, evilmike_swamp_ruin_rubble_1, swamp_pool1
Swamp:4:  grunt_swamp_rune_castle, layout_basic_swamp, swamp_pool3
Spider:1: layout_spider_delve, spiders_nest_hornet_nest, uniq_roxanne
Spider:2: layout_spider_delve, nicolae_spider_cling_ruins
Spider:3: spiders_nest_scorpion_pit, drop_trap, nicolae_orb_island, uniq_arachne
Spider:4: johnstein_spider_rune_arachne_lair
Orc:1:    layout_diamond_mine, basic_altar, serial_shops, shop_statue,
          uniq_snorg, uniq_urug
Orc:2:    grunt_orc_cross, layout_diamond_mine, basic_altar,
          gammafunk_ghost_fury_of_okawaru, nicolae_orc_lost_temple, uniq_erolcha
Elf:1:    minmay_elf_arrival_summoners, layout_geoelf_octagon, basic_altar,
          minmay_elf_annihilation
Elf:2:    layout_geoelf_grid
Elf:3:    minmay_elf_hall_curves, layout_loops_cross, serial_shops,
          nicolae_shop_waterfront, dk_noncrumbling_3, nicolae_elf_stair_hall,
          small_statue_intersection, minivault_13
Vaults:1: nicolae_vaults_hallways_thing, v_pattern_4, hangedman_vaults_trim,
          nicolae_vaults_minivaults, v_misc_2, ontoclasm_vaults_twist,
          v_alt_pattern_5, grunt_vaults_diagonal,
          nicolae_vaults_mini_display_case, hangedman_vaults_capsules,
          layout_vaults_omnibox, serial_shops, bzr_entry_safe,
          nicolae_shop_crystal, nicolae_shop_trees, basic_altar
Vaults:2: hangedman_vaults_nails, dpeg_vaults_monster_box,
          nicolae_vaults_border_crossing, hangedman_vaults_impose,
          nicolae_vaults_theta, ontoclasm_vaults_decontamination,
          hangedman_vaults_unwind, v_misc_31, ontoclasm_vaults_misaligned,
          vaults_room_stairs_pillars, vaults_room_corners, vaults_room_pool,
          layout_vaults_chaotic_city
Vaults:3: nicolae_vaults_little_squares_2, v_rooms_3, st_octagons_2,
          v_pattern_2, v_alt_pattern_1, v_rooms_1,
          nicolae_vaults_twisting_passages, minmay_crypt_entry_vampire_xt,
          ontoclasm_vaults_ring_large, vaults_room_grunt_arrival_ludios,
          hangedman_vaults_cutoff, layout_vaults_maze_snakey, uniq_asterion
Vaults:4: nicolae_vaults_little_squares_5, v_misc_11,
          vaults_mumra_minichess_inversion, vaults_room_hallway, v_rooms_6,
          nicolae_vaults_rhombus_7, ontoclasm_vaults_pinch, v_misc_15,
          ontoclasm_vaults_eye, layout_vaults_omnigrid, serial_shops,
          shop_statue, portal_desolation_entry_twin_temple
Desolation

Skill      XL: |  1  2  3  4  5  6  7  8  9 10 11 12 13 14 15 16 17 18 19 20 21 22 |
---------------+-------------------------------------------------------------------+-----
Necromancy     | 2 3 4 5 6 7 8 9 10 11 12 | 12.9
Spellcasting   | 5 6 7 8 9 10 11 12 13 14 15 | 15.4
Invocations    | 1 2 3 4 5 6 7 8 9 10 11 12 13 14 15 | 15.9
Short Blades   | 1 2 3 4 5 6 7 8 9 10 11 12 13 14 | 14.7
Long Blades    | 1 2 3 4 5 6 7 8 9 10 11 12 13 14 | 14.7
Axes           | 1 2 3 4 5 6 7 8 9 10 11 12 13 14 | 14.7
Polearms       | 1 2 3 4 5 6 7 8 9 10 11 12 13 14 | 14.7
Staves         | 1 2 3 4 5 6 7 8 9 10 11 12 13 14 | 14.7
Slings         | 1 2 3 4 5 6 7 8 9 10 11 12 13 14 | 14.7
Bows           | 1 2 3 4 5 6 7 8 9 10 11 12 13 14 | 14.7
Crossbows      | 1 2 3 4 5 6 7 8 9 10 11 12 13 14 | 14.7
Throwing       | 1 2 3 4 5 6 7 8 9 10 11 12 13 14 | 14.7
Dodging        | 1 2 3 4 5 6 7 8 9 10 11 12 13 14 | 14.7
Shields        | 1 2 3 4 5 6 7 8 9 10 11 12 13 14 | 14.7
Unarmed Combat | 1 2 3 4 5 6 7 8 9 10 11 12 13 14 | 14.7
Evocations     | 1 2 3 4 5 6 7 8 9 10 11 12 13 14 | 14.7
Conjurations   | 1 2 3 4 5 6 7 8 9 10 11 12 | 12.7
Hexes          | 1 2 3 4 5 6 7 8 9 10 11 12 | 12.7
Summonings     | 1 2 3 4 5 6 7 8 9 10 11 12 | 12.7
Translocations | 1 2 3 4 5 6 7 8 9 10 11 12 | 12.7
Transmutations | 1 2 3 4 5 6 7 8 9 10 11 12 | 12.7
Fire Magic     | 1 2 3 4 5 6 7 8 9 10 11 12 | 12.7
Ice Magic      | 1 2 3 4 5 6 7 8 9 10 11 12 | 12.7
Air Magic      | 1 2 3 4 5 6 7 8 9 10 11 12 | 12.7
Earth Magic    | 1 2 3 4 5 6 7 8 9 10 11 12 | 12.7
Poison Magic   | 1 2 3 4 5 6 7 8 9 10 11 12 | 12.7
Fighting       | 3 4 5 6 7 8 9 10 11 12 13 14 | 14.9
Maces & Flails | 3 4 5 6 7 8 9 10 11 12 13 14 | 14.9
Armour         | 7 8 9 10 11 12 13 14 15 | 15.8
Stealth        | 5 6 7 8 9 10 11 12 13 14 15 | 15.2

Action                   |  1- 3 |  4- 6 |  7- 9 | 10-12 | 13-15 | 16-18 | 19-21 | 22-24 || total
-------------------------+-------+-------+-------+-------+-------+-------+-------+-------++-------
Melee: Club              |     9 |       |       |       |       |       |       |       ||     9
       Short sword       |     9 |     6 |       |       |       |       |       |       ||    15
       Bite              |       |     8 |    62 |   100 |   138 |   110 |   156 |    43 ||   617
       Rapier            |       |    54 |   426 |   651 |     6 |       |       |       ||  1137
       Falchion          |       |     6 |       |       |       |       |       |       ||     6
       Punch             |       |       |     2 |     8 |       |       |       |       ||    10
       Demon trident     |       |       |       |       |   336 |       |       |       ||   336
       Eveningstar       |       |       |       |       |   830 |   808 |   860 |   270 ||  2768
Throw: Boomerang         |       |     4 |    31 |    58 |   115 |   164 |    94 |    23 ||   489
       Dart              |       |       |       |    13 |    27 |    43 |       |       ||    83
       Javelin           |       |       |       |       |     5 |       |       |       ||     5
 Cast: Pain              |    44 |    98 |    37 |    34 |     3 |     3 |       |       ||   219
       Magic Dart        |    14 |    44 |    78 |    32 |     3 |       |       |       ||   171
       Mephitic Cloud    |       |       |    25 |   121 |    98 |   115 |    45 |    21 ||   425
       Ignite Poison     |       |       |     7 |    12 |     4 |    22 |    53 |    10 ||   108
       Slow              |       |       |       |     6 |    24 |     9 |    31 |       ||    70
       Olgreb's Toxic Ra |       |       |       |       |     4 |    66 |   104 |    15 ||   189
       Summon Lightning  |       |       |       |       |     2 |    16 |    19 |     6 ||    43
       Yara's Violent Un |       |       |       |       |     1 |     1 |     1 |     1 ||     4
       Airstrike         |       |       |       |       |       |    24 |   101 |       ||   125
       Swiftness         |       |       |       |       |       |     1 |       |       ||     1
       Dispel Undead     |       |       |       |       |       |       |    15 |    19 ||    34
       Irradiate         |       |       |       |       |       |       |     9 |     1 ||    10
Invok: Curse Item        |       |       |     1 |     3 |     2 |     1 |     2 |       ||     9
       Scrying           |       |       |       |     2 |     6 |    19 |     2 |     1 ||    30
Evoke: Wand              |       |       |       |       |    21 |     1 |     7 |       ||    29
  Use: Scroll            |       |    10 |     3 |    11 |    20 |    11 |    26 |     2 ||    83
       Potion            |       |       |     3 |     4 |     5 |     1 |     7 |     5 ||    25
 Stab: Sleeping          |     1 |     2 |     5 |    17 |    26 |     9 |    13 |     5 ||    78
       Confused          |       |       |    13 |    47 |    55 |    34 |    16 |     6 ||   171
       Distracted        |       |       |     2 |     2 |     5 |     5 |     6 |     1 ||    21
       Paralysed         |       |       |       |       |       |       |     3 |       ||     3
Armor: Robe              |     6 |     2 |       |       |       |       |       |       ||     8
       Leather armour    |       |    28 |   141 |   114 |    85 |       |       |       ||   368
       Pearl dragon scal |       |       |       |       |    54 |   197 |   317 |    55 ||   623
Dodge: Dodged            |    17 |    57 |   289 |   247 |   324 |   252 |   408 |    97 ||  1691
       Repelled          |       |       |       |       |       |       |     2 |     4 ||     6
Block: Kite shield       |       |       |       |   229 |   751 |   600 |   103 |       ||  1683
       Reflection        |       |       |       |       |    55 |    25 |    97 |    15 ||   192
       Tower shield      |       |       |       |       |       |       |  1068 |   291 ||  1359
       Rpst.: Falchion   |       |     2 |       |       |       |       |       |       ||     2

Table legend: (Time is in decaauts)
 A = Elapsed time spent in this place.
 B = Non-inter-level travel time spent in this place.
 C = Inter-level travel time spent in this place.
 D = Time resting spent in this place.
 E = Time spent auto-exploring this place.
 F = Levels seen in this place.
 G = Mean time per level.
                   A        B        C        D        E       F      G
               +--------+--------+--------+--------+--------+-----+--------+
         Total | 108430 | 102552 |   5878 |  63710 |  22513 |  42 | 2581.7 |
       Dungeon |  39951 |  37001 |   2950 |  22450 |   9001 |  15 | 2663.4 |
        Temple |    157 |    133 |     24 |     10 |    116 |   1 |  157.0 |
          Lair |  15175 |  14087 |   1088 |   8085 |   3935 |   6 | 2529.2 |
         Swamp |  10765 |  10381 |    384 |   7621 |   1433 |   4 | 2691.2 |
   Spider Nest |  11247 |  10942 |    305 |   7426 |   1858 |   4 | 2811.8 |
  Orcish Mines |   7700 |   7327 |    373 |   4562 |   1479 |   2 | 3850.0 |
   Elven Halls |  11630 |  11115 |    515 |   7009 |   2174 |   3 | 3876.7 |
        Vaults |   8121 |   7885 |    236 |   3966 |   2502 |   4 | 2030.2 |
        Bazaar |    263 |    263 |      0 |      0 |      0 |   1 |  263.0 |
       Ossuary |   2542 |   2542 |      0 |   2076 |     13 |   1 | 2542.0 |
    Desolation |    873 |    873 |      0 |    502 |      0 |   1 |  873.0 |
               +--------+--------+--------+--------+--------+-----+--------+

Top non-repeatable levels by time:
   Orc:2: 6795 daAuts
   Elf:3: 5784 daAuts
     D:8: 5144 daAuts
 Swamp:3: 5047 daAuts
  Lair:5: 4160 daAuts
    D:14: 3908 daAuts
    D:11: 3628 daAuts
   Elf:2: 3519 daAuts
Spider:3: 3401 daAuts
    D:10: 3244 daAuts
    D:15: 3151 daAuts
Vaults:2: 2943 daAuts
Spider:2: 2931 daAuts
  Lair:6: 2873 daAuts
Vaults:3: 2811 daAuts
